 Dungeon Crawl Stone Soup version 0.19.1-1-g22dce08 (webtiles) character file.

512 ImaNewbie the Sneak (level 7, 0/45 HPs)
             Began as an Octopode Transmuter on Jan 20, 2017.
             Slain by an ogre
             ... wielding a +0 giant club
              (22 damage)
             ... on level 4 of the Dungeon.
             The game lasted 00:10:45 (4714 turns).

ImaNewbie the Sneak (Octopode Transmuter)           Turns: 4714, Time: 00:10:45

Health: 0/45       AC:  1    Str: 10    XL:     7   Next: 19%
Magic:  4/10       EV: 14    Int: 15    God:
Gold:   151        SH:  0    Dex: 14    Spells: 3 memorised, 4 levels left

rFire  + . .     SeeInvis +     v - +1 whip (flame)
rCold  . . .     Gourm    .     (no shield)
rNeg   . . .     Faith    .     (helmet restricted)
rPois  .         Spirit   .     (no amulet)
rElec  .         Reflect  .     h - ring of protection from fire
rCorr  .         Harm     .     (no ring)
MR     .....                    s - ring of see invisible
Stlth  ++++......               (no ring)
                                (no ring)
                                (no ring)
                                (no ring)
                                (no ring)

@: very slightly contaminated
A: almost no armour, stealthy swim, amphibious, 8 rings, constrict 8, camouflage
1, gelatinous body 1
a: no special abilities


You were on level 4 of the Dungeon.
You were not hungry.

You visited 1 branch of the dungeon, and saw 4 of its levels.

You collected 151 gold pieces.

Inventory:

Hand Weapons
 v - a +1 whip of flaming (weapon)
 y - a +0 flail of draining
Missiles
 a - 34 arrows
 d - 18 poisoned needles
Jewellery
 h - a ring of protection from fire (left tentacle)
 s - a ring of see invisible (on tentacle)
Wands
 n - a wand of confusion (21/48)
 w - a wand of iceblast (4/15)
 A - a wand of iceblast (5/15)
Scrolls
 e - 2 scrolls of identify {unknown}
 g - 6 scrolls of remove curse
 k - 2 scrolls of immolation
 l - a scroll of teleportation {unknown}
 u - a scroll of enchant armour {unknown}
 x - 3 scrolls of magic mapping {unknown}
Potions
 f - a potion of mutation {unknown}
 i - a potion of curing {unknown}
 j - 2 potions of might
 o - a potion of flight {unknown}
 p - a potion of brilliance {unknown}
 q - a potion of ambrosia {unknown}
 r - a potion of lignification {unknown}
 t - 3 potions of resistance {unknown}
Books
 b - a book of Changes

   Spells                             Type                      Level
   a - Beastly Appendage              Transmutation                1
   b - Sticks to Snakes               Transmutation                2
   c - Spider Form                    Transmutation/Poison         3
   d - Ice Form                       Ice/Transmutation            4
   e - Blade Hands                    Transmutation                5
Comestibles
 c - 5 bread rations
 m - a meat ration
 z - 6 chunks of flesh


   Skills:
 - Level 2.6 Fighting
 - Level 2.4 Dodging
 - Level 5.1 Stealth
 - Level 4.2 Unarmed Combat
 - Level 2.0 Spellcasting
 - Level 4.3 Transmutations
 + Level 2.4 Poison Magic


You had 4 spell levels left.
You knew the following spells:

 Your Spells              Type           Power        Failure   Level  Hunger
a - Beastly Appendage     Tmut           ##....       4%          1    #......
b - Sticks to Snakes      Tmut           ##......     8%          2    ###....
c - Spider Form           Tmut/Pois      ##........   21%         3    ###....


Dungeon Overview and Level Annotations

Branches:
Dungeon (4/15)
 Temple: D:4-7

Altars:
Dithmenos
Nemelex Xobeh
Uskayaw
Xom


Innate Abilities, Weirdness & Mutations

You cannot wear most types of armour.
You are very stealthy in the water. (Stealth+)
You are amphibious.
You can wear up to eight rings at the same time.
You can use your tentacles to constrict eight enemies at once.
Your skin changes colour to match your surroundings (Stealth+).
Your rubbery body absorbs attacks. (AC +1, EV +1)


Message History

No target in view!
No target in view!
You butcher the giant cockroach corpse.
z - 6 chunks of flesh (gained 1)
An ogre comes into view. It is wielding a giant club.
Casting: Sticks to Snakes
Confirm with . or Enter, or press ? or * to list all spells.
You create a snake!
You now have 35 arrows.
Casting: Sticks to Snakes
Confirm with . or Enter, or press ? or * to list all spells.
You miscast Sticks to Snakes.
You are very lightly contaminated with residual magic.
Nothing appears to happen.
The ogre hits you with a giant club!!
Casting: Sticks to Snakes
Confirm with . or Enter, or press ? or * to list all spells.
You create a snake!
You now have 34 arrows.
Your ball python bites the ogre.
You hit the ogre. You burn the ogre.
The ogre is lightly wounded.
The ogre hits you with a giant club!!
You die...

###.........O....#
..?........@S...#
##..............##
.###.........###....#
...............#....#
###..........##<#....#
##.....###.##.##......#
...##.####.#..........#
.................#....#
......#..###.....#....#
##..##.## #######....#
#.......# #....#
#.#.....# ####.##
#.#.....########.....#
##.#.....##...........#
.........##...........#
.##.#######...........#


You could see an ogre and 2 friendly ball pythons.

Vanquished Creatures
  An ogre (D:3)
  The ghost of ImaNewbie the Insei, an amateur OpTm (D:3)
  An orc priest (D:3)
  A hound (D:4)
  An orc wizard (D:3)
  Natasha (thrice) (D:3 D:4)
  3 gnolls
  3 adders
  2 oozes (D:2)
  3 worms (D:2)
  4 dart slugs
  5 leopard geckos
  9 orcs (D:3)
  5 giant cockroaches
  7 goblins
  7 hobgoblins
  7 jackals
  3 quokkas
  4 ball pythons
  7 bats
  4 frilled lizards (D:2)
  3 kobolds (D:2)
  4 rats
88 creatures vanquished.

Vanquished Creatures (collateral kills)
  A hound (D:3)
  A gnoll (D:3)
2 creatures vanquished.

Grand Total: 90 creatures vanquished

Notes
Turn   | Place    | Note
-------+----------+-------------------------------------------
     0 | D:1      | ImaNewbie the Octopode Transmuter began the quest for the Orb.
     0 | D:1      | Reached XP level 1. HP: 13/13 MP: 3/3
   299 | D:1      | Reached XP level 2. HP: 18/18 MP: 5/5
   982 | D:2      | Reached XP level 3. HP: 19/24 MP: 6/6
  1447 | D:2      | Reached XP level 4. HP: 30/30 MP: 5/7
  1452 | D:2      | Reached skill level 1 in Stealth
  1823 | D:2      | Found a hide-covered altar of Uskayaw.
  1823 | D:2      | Found a faded altar of an unknown god.
  1828 | D:2      | Found a faded altar of an unknown god.
  1831 | D:2      | Found a faded altar of an unknown god.
  1832 | D:2      | Found a faded altar of an unknown god.
  1968 | D:3      | Found a shadowy altar of Dithmenos.
  2115 | D:3      | Reached skill level 2 in Stealth
  2115 | D:3      | Reached XP level 5. HP: 21/35 MP: 6/8
  2149 | D:3      | Reached skill level 3 in Stealth
  2328 | D:3      | Noticed Natasha
  2334 | D:3      | Killed Natasha
  2426 | D:3      | Noticed Natasha
  2439 | D:3      | Learned a level 2 spell: Sticks to Snakes
  2443 | D:3      | Learned a level 3 spell: Spider Form
  2625 | D:3      | Noticed ImaNewbie's ghost (amateur OpTm)
  2639 | D:3      | Killed ImaNewbie's ghost
  2639 | D:3      | Reached skill level 4 in Stealth
  2639 | D:3      | Reached XP level 6. HP: 15/41 MP: 2/9
  2966 | D:3      | Killed Natasha
  3610 | D:3      | HP: 2/41 [hound (4)]
  3613 | D:3      | Reached skill level 5 in Stealth
  3946 | D:3      | Found a sparkling altar of Nemelex Xobeh.
  3978 | D:3      | Found a shimmering altar of Xom.
  4172 | D:4      | Noticed Natasha
  4180 | D:4      | Killed Natasha
  4286 | D:4      | Reached XP level 7. HP: 26/45 MP: 10/10
  4714 | D:4      | Slain by an ogre

Skill      XL: |  1  2  3  4  5  6  7 |
---------------+----------------------+-----
Fighting       | 2 |  2.6
Unarmed Combat | 4 |  4.2
Stealth        | 2 4 5 |  5.1
Transmutations | 3 4 |  4.3
Poison Magic   | 2 |  2.4
Dodging        | |  2.4
Spellcasting   | |  2.0

Action                   |  1- 3 |  4- 6 |  7- 9 || total
-------------------------+-------+-------+-------++-------
Melee: Unarmed           |    72 |    65 |       ||   137
       Constrict         |    16 |    36 |     1 ||    53
       Tentacles         |    13 |    25 |     2 ||    40
       Kick              |     3 |    17 |       ||    20
       Punch             |       |     3 |     1 ||     4
       Whip              |       |    91 |    12 ||   103
 Cast: Beastly Appendage |     2 |     8 |       ||    10
       Sticks to Snakes  |       |     4 |     4 ||     8
  Use: Potion            |     3 |       |       ||     3
       Scroll            |       |     3 |       ||     3
 Stab: Sleeping          |     5 |     6 |       ||    11
       Distracted        |       |     1 |       ||     1
  Eat: Chunk             |     1 |    10 |     2 ||    13
Armor: Skin              |     7 |    12 |     2 ||    21
Dodge: Dodged            |    47 |   124 |    11 ||   182
